 Dungeon Crawl Stone Soup version 0.30.0-13-g156ef70053 (webtiles) character file.

Game seed: 17513329471984875518

877 Theoretic the Trooper (level 8, -5/58 (67) HPs)
             Began as a Formicid Air Elementalist on May 18, 2023.
             Was a Believer of Elyvilon.
             Slain by a wight
             ... wielding a +0 war axe
              (12 damage)
             ... on level 6 of the Dungeon.
             The game lasted 00:15:11 (6313 turns).

Theoretic the Trooper (Formicid Air Elementalist)   Turns: 6313, Time: 00:15:11

HP:   -5/58 (67)    AC:  6    Str: 16    XL:     8   Next: 25%
MP:   11/11         EV: 11    Int: 14    God:    Elyvilon [**....]
Gold: 197           SH:  4    Dex: 14    Spells: 8/11 levels left

rFire   . . .        a - +0 trident
rCold   . . .        H - +0 buckler
rNeg    . . .        p - +0 leather armour
rPois   +            (helmet unavailable)
rElec   .            (no cloak)
rCorr   .            c - +0 pair of gloves
SInv    +            y - +1 pair of boots
Will    .....        q - amulet of the acrobat
Stlth   ++           v - ring of poison resistance
HPRegen 0.29/turn    (no ring)
MPRegen 0.12/turn

%: acrobat
@: heavily drained
A: permanent stasis, dig shafts and tunnels, antennae 3, four strong arms
a: Dig, Shaft Self, Renounce Religion, Purification, Heal Other


You were on level 6 of the Dungeon.
You worshipped Elyvilon.
Elyvilon was pleased with you.
You visited 1 branch of the dungeon, and saw 6 of its levels.
You also visited: Sewer.

You collected 335 gold pieces.
You spent 138 gold pieces at shops.

Inventory:

Hand Weapons
 a - a +0 trident (weapon)
 b - a +1 shortbow of flaming
Missiles
 G - 2 throwing nets
Armour
 c - a +0 pair of gloves (worn)
 p - a +0 leather armour (worn)
 y - a +1 pair of boots (worn)
 D - a +0 scale mail
 H - a +0 buckler (worn)
Magical Staves
 A - a staff of air
Jewellery
 j - an amulet of reflection
 q - an amulet of the acrobat (around neck)
 v - a ring of poison resistance (left hand)
Wands
 F - a wand of acid (8)
 J - a wand of flame (15)
Scrolls
 g - 2 scrolls of amnesia {unknown}
 l - 2 scrolls of enchant weapon {unknown}
 n - 3 scrolls of vulnerability
 t - a scroll of acquirement {unknown}
 w - a scroll of magic mapping {unknown}
 x - 2 scrolls of noise {unknown}
 E - a scroll of enchant armour {unknown}
Potions
 d - 5 potions of lignification
 e - 2 potions of invisibility
 f - 3 potions of heal wounds
 h - 2 potions of mutation
 i - a potion of ambrosia {unknown}
 k - a potion of attraction {unknown}
 m - 2 potions of resistance {unknown}
 r - a potion of magic
 s - a potion of haste
 u - a potion of brilliance {unknown}
 z - a potion of might {unknown}
 B - 2 potions of curing
 C - 2 potions of flight
 I - a potion of berserk rage {unknown}


   Skills:
 - Level 7.1 Fighting
 * Level 1.0 Polearms
 - Level 4.0 Ranged Weapons
 + Level 1.1 Armour
 + Level 2.1 Dodging
 + Level 3.0 Stealth
 + Level 1.4 Shields
 - Level 2.1 Spellcasting
 - Level 1.0 Conjurations
 - Level 3.1 Air Magic


You had 8 spell levels left.
You knew the following spells:

 Your Spells              Type           Power      Damage    Failure   Level
a - Shock                 Conj/Air       28%        1d4       16%         1
b - Static Discharge      Conj/Air       14%        2-3/arc   24%         2

Your spell library contained the following spells:

 Spells                   Type           Power      Damage    Failure   Level
 Kiss of Death            Conj/Necr      8%         2d6       30%         1
 Ensorcelled Hibernation  Hex/Ice        2%         N/A       50%         2
 Airstrike                Air            5%         2d(1-17)  71%         4
 Confusing Touch          Hex            1%         N/A       75%         3
 Frozen Ramparts          Ice            2%         1d1       75%         3
 Spider Form              Tmut/Pois      1%         N/A       75%         3
 Anguish                  Hex/Necr       0%         N/A       98%         4
 Dispel Undead            Necr           1%         3d6       98%         4
 Ice Form                 Ice/Tmut       1%         N/A       98%         4
 Summon Ice Beast         Ice/Summ       1%         N/A       98%         4
 Swiftness                Air            Unusable   N/A       N/A         3

Dungeon Overview and Level Annotations

Branches:
Dungeon (6/15)              Sewer (visited)
 Temple: D:4-7

Altars:
Ashenzari
Fedhas

Shops:
D:6 (

Annotations:
D:3 3 runed translucent doors, monsoonserge's ghost, amateur MeFi
D:4 exclusion: ogre, Grinder


Innate Abilities, Weirdness & Mutations

You cannot be hasted, slowed, berserked, paralysed or teleported.
You can dig through walls and to a lower floor.
You have a pair of large antennae on your head. (SInv)
Your four strong arms can wield two-handed weapons with a shield.


Message History

You destroy the wight!
Your Polearms skill increases to level 1!
Your Armour skill increases to level 1!
Your Stealth skill increases to level 3!
You closely miss the wight.
The wight is severely damaged.
The wight barely misses you. You block the wight's attack.
You hit the wight.
The wight is severely damaged.
The wight closely misses you.
You hit the wight but do no damage.
The wight is severely damaged.
You block the wight's attack.
You barely miss the wight.
The wight is severely damaged.
The wight misses you.
You barely miss the wight.
The wight is severely damaged.
The wight hits you with a +0 war axe.
You feel drained. The wight barely misses you.
You closely miss the wight.
The wight is severely damaged.
You block the wight's attack.
You hit the wight but do no damage.
The wight is severely damaged.
You block the wight's attack.
You hit the wight but do no damage.
The wight is severely damaged.
The wight hits you with a +0 war axe!
* * * LOW HITPOINT WARNING * * *
You feel drained.
* * * LOW HITPOINT WARNING * * *
You hit the wight but do no damage.
The wight is severely damaged.
The wight completely misses you. The wight hits you with a +0 war axe!
* * * LOW HITPOINT WARNING * * *
You closely miss the wight.
The wight is severely damaged.
The wight hits you with a +0 war axe!
You die...

......
#.......##'##########
#+##...#.......#...#
#...'.......#...#
#...#.......#...# #..
#.......#..## +..
#.......#..######
####
#.......+.......# ..
#.......#.......# ..
#.......#@###..## ..
......###z# ### .>
.... #...# .. .....
#...# ### .....z#...#
..# ......'...# ..#
......###.# ..#
...... ### ..# .....


You could see a wight.

Vanquished Creatures
  A sky beast (D:4)
  An ogre (D:6)
  2 kobold brigands (Sewer)
  A wight (D:6)
  3 hounds
  2 sleepcaps (D:5)
  2 iguanas
  A gnoll bouda (D:5)
  An orc wizard (D:6)
  7 adders
  8 gnolls
  A shadow imp (D:6)
  A white imp (D:5)
  2 worms
  4 dart slugs
  7 orcs
  6 bats
  7 endoplasms
  3 giant cockroaches
  5 goblins
  4 hobgoblins
  7 jackals
  12 kobolds
  4 quokkas
  7 ball pythons
  5 frilled lizards
  8 rats
112 creatures vanquished.

Notes
Turn   | Place    | Note
-------+----------+-------------------------------------------
     0 | D:1      | Theoretic the Formicid Air Elementalist began the quest for
                  | the Orb.
     0 | D:1      | Reached XP level 1. HP: 13/13 MP: 3/3
    62 | D:1      | Reached skill level 1 in Conjurations
   323 | D:1      | Reached skill level 1 in Fighting
   323 | D:1      | Reached XP level 2. HP: 21/21 MP: 3/5
   388 | D:1      | Found a faded altar of an unknown god.
   698 | D:1      | Learned a level 2 spell: Static Discharge
   999 | D:2      | Reached XP level 3. HP: 27/27 MP: 0/6
  1206 | D:2      | Reached skill level 2 in Fighting
  1469 | D:2      | Reached XP level 4. HP: 31/34 MP: 7/7
  2036 | D:3      | Found a runed translucent gate.
  2037 | D:3      | Found a runed translucent gate.
  2038 | D:3      | Found a runed translucent gate.
  2152 | D:3      | Reached skill level 1 in Ranged Weapons
  2413 | D:3      | Reached skill level 3 in Fighting
  2715 | D:3      | Found a blossoming altar of Fedhas.
  2926 | D:3      | Noticed monsoonserge's ghost (amateur MeFi)
  3092 | D:4      | Reached XP level 5. HP: 31/41 MP: 8/8
  3155 | D:4      | Noticed an ogre
  3164 | D:4      | Noticed Grinder
  3234 | D:4      | Noticed a sky beast
  3256 | D:4      | Killed a sky beast
  3257 | D:4      | Reached XP level 6. HP: 45/48 MP: 9/9
  3283 | D:4      | Found a glowing drain.
  3300 | Sewer    | Entered a sewer
  3309 | Sewer    | Reached skill level 4 in Fighting
  3404 | Sewer    | HP: 2/50 [kobold/+0 short sword (1)]
  3501 | Sewer    | Found a white marble altar of Elyvilon.
  3570 | Sewer    | Became a worshipper of Elyvilon the Healer
  3614 | D:4      | Reached XP level 7. HP: 47/55 MP: 10/10
  3743 | D:4      | Reached skill level 5 in Fighting
  4374 | D:5      | Entered Level 5 of the Dungeon
  4648 | D:5      | Found a broken altar of Ashenzari.
  4663 | D:5      | Reached skill level 6 in Fighting
  4722 | D:5      | Reached * piety under Elyvilon
  5371 | D:5      | Reached ** piety under Elyvilon
  5661 | D:6      | Reached skill level 7 in Fighting
  5661 | D:6      | Reached XP level 8. HP: 56/67 MP: 11/11
  5954 | D:6      | Reached skill level 1 in Shields
  6249 | D:6      | Found Xeudaton's Antique Weapon Emporium.
  6257 | D:6      | Bought a runed shortbow for 138 gold pieces
  6304 | D:6      | Reached skill level 1 in Polearms
  6304 | D:6      | Reached skill level 1 in Armour
  6313 | D:6      | Slain by a wight

Illustrated notes

Levels and vault maps discovered:
D:1:      co_arrival_square_in_a_square_in_a_square, layout_loops_ring,
          chequers_ecumenical_altar_simple, corner_web_ring
D:2:      layout_basic
D:3:      layout_loops_cross, general_overflow_altar,
          gammafunk_ghost_necromancy, bh_walls_and_bars
D:4:      layout_loops_cross, cheibrodos_sewer_entry_sluice,
          hangedman_feature_mirror, uniq_grinder
D:5:      layout_basic, mainiacjoe_overflow_24_doors, serial_co_window_serial,
          co_window_corner_a, co_window_paths_a, co_window_paths_a,
          co_window_corner_a, co_window_paths_b, co_window_unsneaky_path_e,
          co_window_cross_4, co_window_corner_b, co_window_of_opportunity_b,
          co_window_4corner_b, glass_columns_c, glass_columns_c, glass_columns_a
D:6:      layout_gridville, serial_shops, shop, shop_fountains

Skill      XL: |  1  2  3  4  5  6  7  8 |
---------------+-------------------------+-----
Conjurations   | 1 |  1.0
Fighting       | 1 2 3 4 7 |  7.1
Air Magic      | 3 |  3.1
Ranged Weapons | 1 2 3 4 |  4.0
Dodging        | 2 |  2.1
Shields        | 1 |  1.4
Polearms       | 1 |  1.0
Armour         | 1 |  1.1
Stealth        | 3 |  3.0
Spellcasting   | |  2.1

Action                     |  1- 3 |  4- 6 |  7- 9 || total
---------------------------+-------+-------+-------++-------
  Melee: Unarmed           |    14 |       |       ||    14
         Short sword       |    47 |    48 |       ||    95
         Quarterstaff      |       |    86 |    97 ||   183
         Punch             |       |     1 |     2 ||     3
         Staff             |       |       |    27 ||    27
         Trident           |       |       |    34 ||    34
         Spear             |       |       |    30 ||    30
   Fire: Sling             |       |    16 |       ||    16
         Shortbow          |       |       |     2 ||     2
   Cast: Shock             |    40 |    25 |    21 ||    86
         Static Discharge  |       |       |    12 ||    12
    Use: Potion            |       |     1 |     1 ||     2
         Scroll            |       |       |     5 ||     5
   Stab: Sleeping          |     1 |     3 |     1 ||     5
 Armour: Robe              |     3 |       |       ||     3
         Leather armour    |    10 |    56 |    56 ||   122
  Dodge: Dodged            |    50 |   135 |   155 ||   340
  Block: Other             |    13 |       |       ||    13
         Reflection        |     1 |       |       ||     1
         Buckler           |       |       |    27 ||    27
